 Dungeon Crawl Stone Soup version 0.28.0 (webtiles) character file.

Game seed: 11938230091309440210

210 boopmooplesden the Covered (level 5, -2/47 HPs)
             Began as a Minotaur Fighter on Feb 7, 2022.
             Was an Initiate of Hepliaklqana.
             Slain by an ogre (26 damage)
             ... on level 4 of the Dungeon.
             The game lasted 00:03:46 (2667 turns).

boopmooplesden the Covered (Minotaur Fighter)       Turns: 2667, Time: 00:03:47

Health: -2/47      AC: 14    Str: 21    XL:     5   Next: 57%
Magic:  4/4        EV:  6    Int:  5    God:    Hepliaklqana [......]
Gold:   247        SH:  5    Dex: 11    Spells: 4/4 levels left

rFire   . . .      SeeInvis .   a - +0 long sword
rCold   . . .      Faith    .   c - +0 buckler
rNeg    . . .      Spirit   .   m - +1 plate armour
rPois   .          Reflect  .   (helmet restricted)
rElec   .          Harm     .   i - +0 cloak
rCorr   .          Rampage  .   (no gloves)
Will    .....                   (no boots)
Stlth   ..........              (no amulet)
HPRegen 0.15/turn               (no ring)
MPRegen 0.09/turn               (no ring)

@: no status effects
A: horns 2, retaliatory headbutt
a: Renounce Religion


You were on level 4 of the Dungeon.
You worshipped Hepliaklqana.
Hepliaklqana was noncommittal.
You visited 1 branch of the dungeon, and saw 4 of its levels.

You collected 247 gold pieces.

Inventory:

Hand Weapons
 a - a +0 long sword (weapon)
Missiles
 j - 9 boomerangs (quivered)
Armour
 b - a +0 scale mail
 c - a +0 buckler (worn)
 f - a +0 leather armour of cold resistance
 i - a +0 cloak (worn)
 m - a +1 plate armour (worn)
Scrolls
 g - 3 scrolls of teleportation
Potions
 d - a potion of might
 e - a potion of lignification
 h - a potion of ambrosia {unknown}
 k - a potion of curing {unknown}
 l - a potion of mutation {unknown}
 n - 2 potions of brilliance {unknown}


   Skills:
 + Level 4.8 Fighting
 + Level 4.1 Long Blades
 + Level 5.1 Armour
 + Level 1.1 Dodging
 + Level 4.5 Shields


You had 4 spell levels left.
You didn't know any spells.
Your spell library was empty.

Dungeon Overview and Level Annotations

Branches:
Dungeon (4/15)
 Temple: D:4-7

Altars:
Hepliaklqana
Uskayaw
Vehumet


Innate Abilities, Weirdness & Mutations

You have a pair of horns on your head.
You reflexively headbutt those who attack you in melee.


Message History

The centaur skeleton kicks you but does no damage.
You hit the centaur skeleton.
The centaur skeleton is almost destroyed.
The centaur skeleton hits you but does no damage.
The centaur skeleton kicks you but does no damage.
The centaur skeleton hits you but does no damage.
The centaur skeleton kicks you but does no damage.
You hit the centaur skeleton.
The centaur skeleton is almost destroyed.
The centaur skeleton hits you but does no damage.
The centaur skeleton kicks you but does no damage.
You hit the centaur skeleton but do no damage.
You headbutt the centaur skeleton, but do no damage.
The centaur skeleton is almost destroyed.
The centaur skeleton hits you but does no damage.
You block the centaur skeleton's attack.
The centaur skeleton hits you but does no damage.
The centaur skeleton kicks you but does no damage.
You slash the centaur skeleton!
You destroy the centaur skeleton!
Your Armour skill increases to level 5!
Found a ring mail.
An ogre comes into view. It is wielding a +0 giant spiked club.
The ogre shouts!
An ogre is nearby!
Found a dagger.
You slash the ogre!
The ogre is heavily wounded.
The ogre hits you with a +0 giant spiked club!!
You hit the ogre. You headbutt the ogre.
The ogre is severely wounded.
The ogre hits you but does no damage.
You hit the ogre.
The ogre is severely wounded.
You block the ogre's attack.
You hit the ogre.
The ogre is almost dead.
The ogre hits you with a +0 giant spiked club!!
Ouch! That really hurt!
You die...

.#.###.#....# .
.........##
....##....## .
......#.#.# #
...#.#.#...#.##
#.#.#..........#
......##.....###
#............#
#....#@###.#.#
#......O.......
.[....##.....###..
#.#.#. ........#..
#...#. .#...#.##
... . .. .#.# .#
.. . #. .... # ..
.#)..


You could see an ogre.

Vanquished Creatures
  2 orc priests (D:3)
  A centaur skeleton (D:4)
  3 adders (D:2)
  10 dart slugs (D:3)
  4 orcs (D:3)
  5 endoplasms
  4 goblins
  9 hobgoblins
  3 jackals (D:1)
  3 quokkas
  7 ball pythons
  6 bats
  6 frilled lizards
  7 kobolds
  5 rats
75 creatures vanquished.

Notes
Turn   | Place    | Note
-------+----------+-------------------------------------------
     0 | D:1      | boopmooplesden the Minotaur Fighter began the quest for the
                  | Orb.
     0 | D:1      | Reached XP level 1. HP: 19/19 MP: 0/0
   167 | D:1      | Reached XP level 2. HP: 27/27 MP: 1/1
   223 | D:1      | Reached skill level 4 in Armour
   624 | D:1      | Reached XP level 3. HP: 33/33 MP: 2/2
  1076 | D:2      | Reached XP level 4. HP: 39/41 MP: 3/3
  1817 | D:3      | Reached skill level 1 in Dodging
  1819 | D:3      | Reached XP level 5. HP: 23/47 MP: 4/4
  2515 | D:4      | Found a radiant altar of Vehumet.
  2516 | D:4      | Found a hazy altar of Hepliaklqana.
  2517 | D:4      | Found a hide-covered altar of Uskayaw.
  2524 | D:4      | Became a worshipper of Hepliaklqana the Forgotten
  2661 | D:4      | Reached skill level 5 in Armour
  2662 | D:4      | Noticed an ogre
  2667 | D:4      | Slain by an ogre

Illustrated notes

Levels and vault maps discovered:
D:1:      dpeg_arrival_round_c, layout_basic, kennysheep_small_spiral
D:2:      layout_basic, serial_curves, eino_curves_02, eino_curves_01,
          eino_curves_02, minmay_tromino_mix6
D:3:      kennysheep_slugbush, layout_basic
D:4:      nicolae_cairo_tiling_large_dashed, layout_basic,
          chequers_temple_overflow_statue_of_worship, nemelex_spade_bored_becter

Skill      XL: |  1  2  3  4  5 |
---------------+----------------+-----
Armour         | 4 5 |  5.1
Fighting       | 4 |  4.8
Shields        | 4 |  4.5
Long Blades    | 3 4 |  4.1
Dodging        | 1 |  1.1

Action                   |  1- 3 |  4- 6 || total
-------------------------+-------+-------++-------
Melee: Long sword        |    84 |    81 ||   165
       Headbutt          |     9 |    15 ||    24
  Use: Scroll            |     1 |     3 ||     4
Armor: Scale mail        |    44 |       ||    44
       Plate armour      |    16 |    61 ||    77
Dodge: Dodged            |    56 |    30 ||    86
Block: Buckler           |    23 |    24 ||    47
